 Dungeon Crawl Stone Soup version 0.29-a0-330-g52719c12eb (webtiles) character file.

Game seed: 13468916619700045475

2331 HoaS the Quickloader (level 9, -1/61 HPs)
             Began as a Kobold Hunter on May 22, 2022.
             Slain by Gastronok (24 damage)
             ... on level 8 of the Dungeon.
             The game lasted 00:12:10 (7602 turns).

HoaS the Quickloader (Kobold Hunter)                Turns: 7602, Time: 00:12:10

Health: -1/61      AC:  5    Str:  8    XL:     9   Next: 70%
Magic:  9/9        EV: 19    Int: 11    God:
Gold:   435        SH:  0    Dex: 22    Spells: 8/8 levels left

rFire   . . .      SeeInvis .   a - +5 hand crossbow (freeze)
rCold   . . .      Faith    .   (no shield)
rNeg    . . .      Spirit   .   b - +0 leather armour
rPois   .          Reflect  .   (no helmet)
rElec   .          Harm     .   f - scarf {repulsion}
rCorr   .          Rampage  .   i - +1 pair of gloves
Will    .....                   (no boots)
Stlth   ++++......              (no amulet)
HPRegen 0.20/turn               (no ring)
MPRegen 0.11/turn               (no ring)

@: repel missiles
A: small, no large weapons, nightstalker 3
a: no special abilities


You were on level 8 of the Dungeon.
You visited 2 branches of the dungeon, and saw 9 of its levels.

You collected 435 gold pieces.

Inventory:

Hand Weapons
 a - a +5 hand crossbow of freezing (weapon)
Armour
 b - a +0 leather armour (worn)
 f - a scarf of repulsion (worn)
 i - a +1 pair of gloves (worn)
Wands
 l - a wand of iceblast (3)
 t - a wand of acid (4)
Scrolls
 c - 6 scrolls of immolation
 j - a scroll of magic mapping
 n - 2 scrolls of teleportation
 p - 2 scrolls of blinking
 r - a scroll of identify
Potions
 d - a potion of heal wounds
 e - 3 potions of attraction
 g - a potion of haste
 h - a potion of flight
 k - a potion of resistance
 m - 6 potions of curing
 o - a potion of berserk rage
 q - a potion of cancellation
 s - a potion of might
 u - a potion of mutation {unknown}


   Skills:
 * Level 9.5 Fighting
 - Level 10.0 Crossbows
 + Level 7.5 Dodging
 - Level 3.0 Stealth


You had 8 spell levels left.
You didn't know any spells.
Your spell library contained the following spells:

 Spells                   Type           Power      Damage    Failure   Level
 Slow                     Hex            0%         N/A       45%         1
 Confusing Touch          Hex            0%         N/A       83%         3
 Vampiric Draining        Necr           0%         2d6       83%         3


Dungeon Overview and Level Annotations

Branches:
Dungeon (8/15)             Temple (1/1) D:6
   Lair: D:8-11

Altars:
Cheibriados
Dithmenos
Elyvilon
Fedhas
Gozag
Hepliaklqana
Kikubaaqudgha
Nemelex Xobeh
Okawaru
Ru
Sif Muna
Uskayaw
Vehumet
Wu Jian
Xom
Yredelemnul
Zin
The Shining One

Shops:
D:1 (   D:4 =

Annotations:
D:8 Gastronok


Innate Abilities, Weirdness & Mutations

You are small and have problems with some larger weapons.
You are completely attuned to the shadows.


Message History

No target in view!
u - a murky inky potion Gastronok the Ponderous comes into view.
Aiming: Iceblast
Press: ? - help, Shift-Dir - straight line, f - Gastronok
Aim: Gastronok, wearing a +0 hat (asleep)
The mass of ice explodes!
The iceblast engulfs Gastronok!
Gastronok is lightly wounded.
Gastronok gurgles horribly!
Gastronok mumbles some strange words.
Gastronok puts on a burst of speed!
Aiming: Corrosive Bolt
Press: ? - help, Shift-Dir - straight line, f/p - Gastronok
Aim: Gastronok, wearing a +0 hat (lightly wounded, covering ground quickly, 100% to hit)
The bolt of acid hits Gastronok!
The acid corrodes Gastronok!
Gastronok is lightly wounded.
A jelly comes into view.
Gastronok waves his eye-stalks in wide circles.
The air twists around and strikes you!!
You shoot a bolt. The bolt hits Gastronok!
The bolt freezes Gastronok!
Gastronok is moderately wounded.
You shoot a bolt. The bolt hits Gastronok!
The bolt freezes Gastronok.
Gastronok is heavily wounded.
Gastronok sloshes about.
You shoot a bolt. The bolt hits Gastronok.
The bolt freezes Gastronok.
Gastronok is heavily wounded.
You shoot a bolt. The bolt hits Gastronok!!
The bolt freezes Gastronok!
Gastronok is severely wounded.
The jelly jiggles.
The jelly hits you.
You are splashed with acid!
You are too injured to fight recklessly!
You are too injured to fight recklessly!
You are too injured to fight recklessly!
Shoot: a) +5 hand crossbow (freeze)
Press: ? - help, Q - select action, (/) - cycle Shift-Dir - straight line, f/p - Gastronok
Aim: Gastronok, wearing a +0 hat (severely wounded, covering ground quickly, covered in acid, 95% to hit)
You shoot a bolt. The bolt hits Gastronok.
The bolt freezes Gastronok.
Gastronok is severely wounded.
The jelly closely misses you. Gastronok bites you!!
You die...

#........###.#
#.........#..#
#............###
##.............##
##.........##..#
##.......####..
#### ##..####.##
##. ....##...# ##
## ...w@....#
....J.#..#
....$.....#
..........#
..........#
.........


You could see Gastronok (swift, corroded) and a jelly.

Vanquished Creatures
  A hornet (D:8)
  A steam dragon (D:6)
  An ice beast (D:7)
  2 sky beasts
  A phantom (D:6)
  A kobold brigand (D:7)
  A bullfrog (D:8)
  2 scorpions (D:5)
  3 necrophages
  9 wights
  2 killer bees (D:7)
  3 hounds
  An orc priest (D:7)
  7 iguanas
  2 orc wizards (D:7)
  9 adders
  10 gnolls
  A shadow imp (D:6)
  2 white imps
  An ufetubus (D:6)
  4 worms
  2 dart slugs (D:1)
  11 orcs
  6 endoplasms
  4 giant cockroaches
  A goblin (D:4)
  13 hobgoblins
  5 jackals
  6 quokkas
  5 ball pythons
  4 bats
  3 frilled lizards
  14 kobolds
  2 rats
140 creatures vanquished.

Vanquished Creatures (others)
  2 plants
  5 withered plants (D:4)
7 creatures vanquished.

Grand Total: 147 creatures vanquished

Notes
Turn   | Place    | Note
-------+----------+-------------------------------------------
     0 | D:1      | HoaS the Kobold Hunter began the quest for the Orb.
     0 | D:1      | Reached XP level 1. HP: 12/12 MP: 1/1
   147 | D:1      | Reached XP level 2. HP: 14/17 MP: 2/2
   257 | D:1      | Reached skill level 6 in Crossbows
   448 | D:1      | Found Vuischimi's Weapon Shop.
   498 | D:1      | Reached XP level 3. HP: 21/21 MP: 3/3
  1021 | D:2      | Reached skill level 7 in Crossbows
  1085 | D:2      | Reached XP level 4. HP: 26/26 MP: 4/4
  2392 | D:3      | Reached XP level 5. HP: 30/30 MP: 5/5
  2965 | D:3      | Reached skill level 8 in Crossbows
  3275 | D:4      | Found Tozot's Jewellery Emporium.
  3307 | D:4      | Found an ancient bone altar of Kikubaaqudgha.
  3308 | D:4      | Found a blossoming altar of Fedhas.
  3524 | D:4      | Reached skill level 9 in Crossbows
  3524 | D:4      | Reached XP level 6. HP: 35/35 MP: 6/6
  3663 | D:5      | Entered Level 5 of the Dungeon
  3699 | D:5      | Reached skill level 10 in Crossbows
  3872 | D:5      | Reached XP level 7. HP: 29/40 MP: 7/7
  4083 | D:5      | Reached XP level 8. HP: 48/48 MP: 8/8
  4087 | D:5      | Reached skill level 5 in Fighting
  4358 | D:5      | Reached skill level 5 in Dodging
  5049 | D:6      | Found an ornate altar of the Wu Jian Council.
  5053 | D:6      | Noticed a spectral centipede
  5053 | D:6      | Noticed a spectral black mamba
  5086 | D:6      | Found a staircase to the Ecumenical Temple.
  5133 | Temple   | Entered the Ecumenical Temple
  5338 | D:6      | Found an opulent altar of Gozag.
  5338 | D:6      | Found a glowing silver altar of Zin.
  5394 | D:6      | Reached XP level 9. HP: 27/57 MP: 9/9
  7054 | D:7      | Found a hazy altar of Hepliaklqana.
  7224 | D:7      | Found a radiant altar of Vehumet.
  7454 | D:8      | Noticed a hornet
  7459 | D:8      | Killed a hornet
  7506 | D:8      | Found a white marble altar of Elyvilon.
  7594 | D:8      | Noticed Gastronok
  7602 | D:8      | Slain by Gastronok

Illustrated notes

Levels and vault maps discovered:
D:1:      onia_arrival_pyramid, layout_basic, serial_shops, shop
D:2:      layout_basic
D:3:      layout_basic
D:4:      layout_basic, grunt_temple_overflow_growth_and_decay, serial_shops,
          nicolae_take_the_stairs
D:5:      layout_loops_ring, serial_bayou_pond_b, chequers_decorated_corner,
          grunt_decor_fettered, abandoned_shop
D:6:      layout_basic, pdpol_wu_jian_five_deadly_venoms,
          grunt_temple_overflow_gold_and_silver,
          minmay_temple_entry_drinking_statues
D:7:      layout_basic, nzn_hepliaklqana_mist_gate, marbit_many_paths
D:8:      layout_cave_pods, elyvilon_altar_1, gammafunk_temple_overflow_pools,
          mainiacjoe_overflow_surrounded_room, uniq_gastronok
Temple:   compressed_dpeg_circular_temple

Skill      XL: |  1  2  3  4  5  6  7  8  9 |
---------------+----------------------------+-----
Crossbows      | 6 7 9 10 | 10.0
Stealth        | 2 3 |  3.0
Fighting       | 4 7 9 |  9.5
Dodging        | 4 6 7 |  7.5

Action                   |  1- 3 |  4- 6 |  7- 9 || total
-------------------------+-------+-------+-------++-------
 Fire: Hand crossbow     |    75 |   139 |   197 ||   411
Evoke: Wand              |       |       |     2 ||     2
  Use: Scroll            |     2 |    14 |    10 ||    26
       Potion            |       |       |     1 ||     1
Armor: Leather armour    |     9 |    11 |    13 ||    33
Dodge: Dodged            |    19 |    48 |    61 ||   128

Table legend: (Time is in decaauts)
 A = Elapsed time spent in this place.
 B = Non-inter-level travel time spent in this place.
 C = Inter-level travel time spent in this place.
 D = Time resting spent in this place.
 E = Time spent auto-exploring this place.
 F = Levels seen in this place.
 G = Mean time per level.
                   A        B        C        D        E       F      G
               +--------+--------+--------+--------+--------+-----+--------+
         Total |   7651 |   7350 |    301 |    964 |   5548 |   9 |  850.1 |
       Dungeon |   7464 |   7216 |    248 |    964 |   5428 |   8 |  933.0 |
        Temple |    186 |    133 |     53 |      0 |    120 |   1 |  186.0 |
               +--------+--------+--------+--------+--------+-----+--------+

Top non-repeatable levels by time:
     D:3: 1292 daAuts
     D:5: 1290 daAuts
     D:7: 1202 daAuts
     D:2: 1138 daAuts
     D:6: 1107 daAuts
     D:1: 652 daAuts
     D:4: 613 daAuts
  Temple: 186 daAuts
     D:8: 167 daAuts
